 Dungeon Crawl Stone Soup version 0.26-a0-720-g2a1d101370 (webtiles) character file.

Game seed: 6917382853484853565

49 Forecaster the Stinger (level 3, -3/28 HPs)
             Began as a Naga Venom Mage on Nov 3, 2020.
             Killed from afar by an orc wizard (6 damage)
             ... with a magic dart
             ... on level 2 of the Dungeon.
             The game lasted 00:04:21 (1523 turns).

Forecaster the Stinger (Naga Venom Mage)            Turns: 1523, Time: 00:04:22

Health: -3/28      AC:  2    Str: 10    XL:     3   Next: 77%
Magic:  0/6        EV: 10    Int: 16    God:
Gold:   59         SH:  0    Dex: 11    Spells: 3/6 levels left

rFire    . . .     SeeInvis +   e - +0 short sword
rCold    . . .     Faith    .   (no shield)
rNeg     . . .     Spirit   .   a - +0 robe
rPois    +         Reflect  .   (no helmet)
rElec    .         Harm     .   (no cloak)
rCorr    .         Rampage  .   (no gloves)
MR       .....                  (no barding)
Stlth    ++........             f - amulet of regeneration
HPRegen  0.49/turn              (no ring)
MPRegen  0.10/turn              (no ring)

@: short of breath, very slow
A: large, see invisible, deformed body, poison resistance, slowness 2, spit
poison 1, AC +1
a: Spit Poison


You were on level 2 of the Dungeon.
You visited 1 branch of the dungeon, and saw 2 of its levels.

You collected 59 gold pieces.

Inventory:

Hand Weapons
 e - a +0 short sword (weapon)
Armour
 a - a +0 robe (worn)
Jewellery
 f - an amulet of regeneration (around neck)
Scrolls
 c - 2 scrolls of identify {unknown}
 h - a scroll of magic mapping {unknown}
 i - 2 scrolls of amnesia {unknown}
 l - 3 scrolls of remove curse {unknown}
Potions
 b - a potion of brilliance {unknown}
 d - a potion of invisibility {unknown}
 g - a potion of heal wounds {unknown}
 j - a potion of flight {unknown}
 k - a potion of stabbing {unknown}
 m - a potion of curing {unknown}


   Skills:
 + Level 0.2 Fighting
 + Level 0.9 Short Blades
 + Level 1.7 Dodging
 + Level 3.5 Stealth
 + Level 2.4 Spellcasting
 + Level 1.1 Transmutations
 + Level 0.2 Air Magic
 + Level 4.8 Poison Magic


You had 3 spell levels left.
You knew the following spells:

 Your Spells              Type           Power        Failure   Level
a - Sting                 Tmut/Pois      ##..         6%          1
b - Poisonous Vapours     Pois/Air       ##....       11%         2

Your spell library contained the following spells:

 Spells                   Type           Power        Failure   Level
 Ignite Poison            Fire/Tmut/Pois #.......     26%         3
 Mephitic Cloud           Conj/Pois/Air  #.......     30%         3
 Olgreb's Toxic Radiance  Pois           ###.....     26%         4


Dungeon Overview and Level Annotations

Branches:
Dungeon (2/15)

Altars:


Innate Abilities, Weirdness & Mutations

You cannot wear boots.
Your serpentine skin is tough. (AC +1)
You have supernaturally acute eyesight. (SInv)
Armour fits poorly on your strangely shaped body.
Your system is resistant to poisons. (rPois)
You cover ground very slowly.
You can spit poison.


Message History

The magic dart hits you!
You hit the orc wizard but do no damage.
The orc wizard is moderately wounded.
The orc wizard hits you with a +0 dagger. x2
You hit the orc wizard but do no damage.
The orc wizard is moderately wounded.
The orc wizard gestures at you while chanting.
The magic dart hits you!
* * * LOW HITPOINT WARNING * * *
Casting: Poisonous Vapours (safe; 11% risk of failure)
Confirm with . or Enter, or press ? or * to list all spells.
Aiming: Sting (safe; 6% risk of failure)
Press: ? - help, Shift-Dir - straight line, f/p - orc wizard
Aim: an orc wizard, wielding a +0 dagger and wearing a +0 robe (moderately wounded, poisoned)
The sting misses the orc wizard.
The orc wizard casts a spell.
The orc wizard seems to speed up.
The orc wizard gestures at you while chanting.
The magic dart hits you.
You die...

##....###........###
#....###.####.###
.#..........##.#
.##...###....#.# ####.######
#...(#.# .......# #......# #
.##....# ##...### ..
.##....# #...# #o# .##....#
#..@# ..
.......#######..o#####.##g..
###..##..........o...o......
.....#.......÷.########.#.#.
##.#......÷..÷.#
#.###.#######..# .## ##.##
#..# ## ##.# #..# .## ##<##
##)#


You could see 2 orc wizards.

Vanquished Creatures
  2 adders (D:2)
  An ooze (D:2)
  A leopard gecko (D:1)
  5 bats (D:1)
  3 hobgoblins
  10 frilled lizards
  4 goblins (D:2)
  2 kobolds (D:1)
  A rat (D:1)
29 creatures vanquished.

Notes
Turn   | Place    | Note
-------+----------+-------------------------------------------
     0 | D:1      | Forecaster the Naga Venom Mage began the quest for the Orb.
     0 | D:1      | Reached XP level 1. HP: 15/15 MP: 3/3
   381 | D:1      | Reached XP level 2. HP: 11/22 MP: 1/5
   730 | D:1      | Learned a level 2 spell: Poisonous Vapours
  1123 | D:2      | Reached XP level 3. HP: 28/28 MP: 3/6
  1523 | D:2      | Killed from afar by an orc wizard

Illustrated notes

Levels and vault maps discovered:
D:1:      dpeg_arrival_simpleton_c, layout_loops_ring, minmay_lizard_pond
D:2:      layout_loops_cross, bloody_makhleb, minivault_5,
          lexackson_kobold_supper, uniq_jessica, uniq_sigmund

Action                   || total
-------------------------++-------
Melee: Short sword       ||    35
       Unarmed           ||     1
 Cast: Sting             ||    20
       Poisonous Vapours ||    18
 Abil: Spit Poison       ||     1
 Stab: Sleeping          ||     1
Armor: Robe              ||     8
Dodge: Dodged            ||    22

Table legend: (Time is in decaauts)
 A = Elapsed time spent in this place.
 B = Non-inter-level travel time spent in this place.
 C = Inter-level travel time spent in this place.
 D = Time resting spent in this place.
 E = Time spent auto-exploring this place.
 F = Levels seen in this place.
 G = Mean time per level.
                   A        B        C        D        E       F      G
               +--------+--------+--------+--------+--------+-----+--------+
         Total |   1826 |   1807 |     19 |    140 |   1457 |   2 |  913.0 |
       Dungeon |   1826 |   1807 |     19 |    140 |   1457 |   2 |  913.0 |
               +--------+--------+--------+--------+--------+-----+--------+

Top non-repeatable levels by time:
     D:1: 1210 daAuts
     D:2: 616 daAuts
